 Dungeon Crawl Stone Soup version 0.25.1-2-g60ff931df9 (webtiles) character file.

Game seed: 5376941979325808405

5791 nicanaca0 the Cleaver (level 10, -7/88 HPs)
             Began as a Minotaur Berserker on Sept 30, 2020.
             Was an Elder of Trog.
             Mangled by a troll (8 damage)
             ... on level 9 of the Dungeon.
             The game lasted 00:20:35 (8976 turns).

nicanaca0 the Cleaver (Minotaur Berserker)          Turns: 8976, Time: 00:20:36

Health: -7/88      AC: 17    Str: 23    XL:     10   Next: 50%
Magic:  9/9        EV:  9    Int: 12    God:    Trog [****..]
Gold:   362        SH:  8    Dex: 20    Spells: 9/9 levels left

rFire    + + .     SeeInvis .   a - +0 war axe
rCold    + . .     Gourm    .   H - +2 buckler {reflect}
rNeg     + . .     Faith    .   w - +1 plate armour {rC+}
rPois    .         Spirit   .   i - +2 hat
rElec    .         Reflect  +   (no cloak)
rCorr    .         Harm     .   M - +0 pair of gloves "Ileyham" {*Slow rF++ rN+ Dex+4} (curse)
MR       .....                  (no boots)
Stlth    ..........             r - amulet of the acrobat
HPRegen  0.24/turn              l - +6 ring of dexterity
MPRegen  0.11/turn              f - +6 ring of intelligence

@: lethally poisoned (-7 -> -9), very slow
A: retaliatory headbutt, horns 2
a: Berserk, Trog's Hand, Brothers in Arms, Renounce Religion


You were on level 9 of the Dungeon.
You worshipped Trog.
Trog was greatly pleased with you.
You were not hungry.

You visited 1 branch of the dungeon, and saw 9 of its levels.

You collected 362 gold pieces.

Inventory:

Hand Weapons
 a - a +0 war axe (weapon)
 u - a +0 hand axe
 F - a -1 hand axe
Armour
 i - a +2 hat (worn)
 w - a +1 plate armour of cold resistance (worn)
 x - a +0 tower shield
 H - a +2 buckler of reflection (worn)
 M - the cursed +0 pair of gloves "Ileyham" (worn) {*Slow rF++ rN+ Dex+4}
   (You found it on level 9 of the Dungeon)

   It affects your dexterity (+4).
   It greatly protects you from fire.
   It protects you from negative energy.
   It may slow you when you take damage.
   It has a curse placed upon it.
Jewellery
 b - an uncursed ring of fire
 f - a +6 ring of intelligence (right hand)
 l - a +6 ring of dexterity (left hand)
 r - an amulet of the acrobat (around neck)
 y - an uncursed ring of teleportation
 D - a +6 ring of intelligence
 J - an uncursed amulet of faith
Wands
 o - a wand of paralysis (1)
 t - a wand of flame (21)
 v - a wand of random effects (27)
 E - a wand of acid (6)
 I - a wand of iceblast (2)
Scrolls
 d - 3 scrolls of identify
 h - 6 scrolls of teleportation
 k - 8 scrolls of remove curse
 m - 5 scrolls of immolation
 p - 2 scrolls of fog
 A - a scroll of fear
 B - a scroll of noise {unknown}
 C - a scroll of magic mapping {unknown}
 L - a scroll of brand weapon {unknown}
Potions
 e - 5 potions of heal wounds
 g - a potion of resistance {unknown}
 j - 3 potions of lignification {unknown}
 n - a potion of flight
 q - 2 potions of brilliance {unknown}
 s - 5 potions of curing
 z - 2 potions of stabbing {unknown}
 G - a potion of mutation {unknown}
Comestibles
 c - 20 rations
 K - 17 chunks of flesh


   Skills:
 + Level 7.8 Fighting
 * Level 14.4 Axes
 + Level 7.3 Armour
 - Level 3.1 Dodging
 - Level 6.0 Shields


You had 9 spell levels left.
You didn't know any spells.
Your spell library was empty.

Dungeon Overview and Level Annotations

Branches:
Dungeon (9/15)             Temple (0/1) D:5            Lair (0/6) D:9
    Orc: D:9-12

Altars:
Fedhas
Hepliaklqana
Okawaru
Qazlal
Sif Muna
Uskayaw
Wu Jian


Innate Abilities, Weirdness & Mutations

You reflexively headbutt those who attack you in melee.
You have a pair of horns on your head.


Message History

The troll completely misses you. The troll closely misses you.
You see here an electric eel corpse.
Your unstable footing causes you to fumble your attack.
You feel sick. The killer bee closely misses you.
You block the killer bee's attack. The troll bites you but does no damage.
You block the troll's attack. The troll claws you.
* * * LOW HITPOINT WARNING * * *
Unknown command.
You hit the killer bee but do no damage.
The killer bee is heavily wounded.
You closely miss the electric eel. You hit the troll but do no damage.
The killer bee stings you but does no damage.
Unknown command.
Your unstable footing causes you to fumble your attack.
You feel sick. The killer bee stings you.
* * * LOW HITPOINT WARNING * * *
The troll bites you!
* * * LOW HITPOINT WARNING * * *
The troll closely misses you. The troll claws you!
You die...

.. #.......#### ..
#......†# #
#.......# ..
#....##.######## ..
#....#.......... ..
#....##..##########
##
#.................#
.
....≈....$..T.....#
......≈≈.≈.@y≈....#
#
..#...≈≈≈≈;≈......#
. #.≈.≈≈≈≈≈.≈≈≈≈≈[#
.....≈≈≈≈≈≈≈≈≈...#
..≈≈≈.≈≈≈≈≈≈≈≈.?..#
..≈≈≈≈≈.≈.≈.≈≈≈≈..#
≈≈≈≈≈≈....≈≈≈...#
≈≈≈≈≈.>.≈.≈≈...


You could see a troll, a killer bee and an electric eel.

Vanquished Creatures
  Harold (D:7)
  A queen bee (D:9)
  4 hippogriffs
  A wyvern (D:8)
  An orc warrior (D:6)
  Duvessa (D:7)
  3 ice beasts
  A phantom (D:8)
  A black bear (D:7)
  2 sky beasts
  2 wolves (D:9)
  4 ogres
  2 centaurs
  Blork the orc (D:8)
  5 bullfrogs
  A gnoll sergeant (D:9)
  Dowan (D:7)
  3 scorpions
  15 killer bees
  An electric eel (D:9)
  5 crimson imps
  3 hounds
  A jelly (D:7)
  A gnoll shaman (D:7)
  5 orc priests
  3 orc wizards
  4 bullfrog skeletons
  A centaur skeleton (D:8)
  2 iguanas
  6 worker ants
  2 hound zombies
  9 adders
  8 gnolls
  3 oozes
  An adder skeleton (D:8)
  2 dart slugs
  22 orcs
  2 bats
  10 giant cockroaches
  5 goblins
  7 hobgoblins
  9 jackals
  8 kobolds
  3 quokkas
  7 frilled lizards
  5 rats
185 creatures vanquished.

Notes
Turn   | Place    | Note
-------+----------+-------------------------------------------
     0 | D:1      | nicanaca0 the Minotaur Berserker began the quest for the
                  | Orb.
     0 | D:1      | Reached XP level 1. HP: 19/19 MP: 0/0
   173 | D:1      | Reached skill level 4 in Axes
   444 | D:1      | Reached XP level 2. HP: 26/26 MP: 1/1
  1045 | D:2      | Found a hide-covered altar of Uskayaw.
  1170 | D:2      | Reached ** piety under Trog
  1170 | D:2      | Reached skill level 5 in Axes
  1201 | D:2      | Reached XP level 3. HP: 30/31 MP: 2/2
  2467 | D:3      | Reached skill level 6 in Axes
  2467 | D:3      | Reached XP level 4. HP: 39/39 MP: 3/3
  2559 | D:3      | Reached XP level 5. HP: 6/45 MP: 4/4
  2826 | D:3      | Reached skill level 7 in Axes
  3270 | D:4      | Found a blossoming altar of Fedhas.
  3270 | D:4      | Noticed a centaur
  3427 | D:4      | Reached skill level 8 in Axes
  3660 | D:4      | Reached XP level 6. HP: 51/51 MP: 5/5
  3685 | D:4      | Reached *** piety under Trog
  3856 | D:4      | Reached skill level 9 in Axes
  4179 | D:5      | Entered Level 5 of the Dungeon
  4221 | D:5      | Reached XP level 7. HP: 57/57 MP: 6/6
  4282 | D:5      | Reached skill level 10 in Axes
  4608 | D:5      | Found a staircase to the Ecumenical Temple.
  5521 | D:6      | Reached XP level 8. HP: 59/67 MP: 7/7
  5572 | D:6      | Found a hazy altar of Hepliaklqana.
  5612 | D:6      | Reached skill level 5 in Fighting
  5619 | D:6      | Found an iron altar of Okawaru.
  5754 | D:6      | Found a shimmering blue altar of Sif Muna.
  5763 | D:6      | Reached skill level 11 in Axes
  6237 | D:7      | Reached skill level 5 in Armour
  6245 | D:7      | Reached **** piety under Trog
  6354 | D:7      | Noticed Duvessa
  6354 | D:7      | Noticed Dowan
  6366 | D:7      | Killed Dowan
  6380 | D:7      | Killed Duvessa
  6527 | D:7      | Noticed Harold
  6540 | D:7      | Killed Harold
  6540 | D:7      | Reached skill level 12 in Axes
  6540 | D:7      | Reached XP level 9. HP: 71/78 MP: 8/8
  6975 | D:7      | Reached skill level 13 in Axes
  7142 | D:8      | Found a stormy altar of Qazlal.
  7185 | D:8      | Reached skill level 1 in Shields
  7505 | D:8      | Noticed Blork the orc
  7637 | D:8      | Killed Blork the orc
  7637 | D:8      | Reached XP level 10. HP: 86/86 MP: 9/9
  7641 | D:8      | Found a shimmering blue altar of Sif Muna.
  8031 | D:8      | Found an ornate altar of the Wu Jian Council.
  8077 | D:8      | Reached skill level 5 in Shields
  8319 | D:9      | Reached skill level 14 in Axes
  8904 | D:9      | Got a pair of twisted gloves
  8910 | D:9      | Identified the cursed +0 pair of gloves "Ileyham" {*Slow
                  | rF++ rN+ Dex+4} (You found it on level 9 of the Dungeon)
  8962 | D:9      | Found a staircase to the Lair.
  8976 | D:9      | HP: 1/88 [troll (11)]
  8976 | D:9      | Mangled by a troll

Illustrated notes

Levels and vault maps discovered:
D:1:      minmay_arrival_doors, layout_loops_ring
D:2:      layout_basic, eat_drink_and_be_merry_uskayaw
D:3:      layout_basic
D:4:      layout_cave_pools, fedhas_bush_and_centaur_altar
D:5:      layout_loops_ring, temple_hall, first_ration
D:6:      kennysheep_orc_sif_temple, layout_basic, kennysheep_okawaru_gauntlet,
          kennysheep_mini_moat, minmay_misc_feat_chi,
          hangedman_abyss_or_decor_stabs
D:7:      layout_basic, uniq_harold, uniq_duvessa
D:8:      layout_gridville, tgw_sif, nicolae_qazlal_general_emergency,
          lemuel_coloured_pillars_altar
D:9:      layout_basic, erik_lair_island, david_nohive_1, tso_altar,
          uniq_erolcha

Skill      XL: |  1  2  3  4  5  6  7  8  9 10 |
---------------+-------------------------------+-----
Axes           | 4 5 6 8 9 10 12 13 14 | 14.4
Fighting       | 4 6 7 |  7.8
Armour         | 3 6 7 |  7.3
Dodging        | 3 |  3.1
Shields        | 4 6 |  6.0

Action                   |  1- 3 |  4- 6 |  7- 9 | 10-12 || total
-------------------------+-------+-------+-------+-------++-------
Melee: Hand axe          |    79 |    20 |    57 |       ||   156
       Headbutt          |    14 |    27 |    58 |    27 ||   126
       War axe           |       |    89 |   221 |   127 ||   437
Invok: Trog's Hand       |       |     1 |     2 |       ||     3
Evoke: Wand              |       |       |     8 |     4 ||    12
  Use: Scroll            |       |     6 |     3 |     1 ||    10
       Potion            |       |     3 |       |       ||     3
 Stab: Distracted        |       |       |     1 |       ||     1
       Paralysed         |       |       |       |     5 ||     5
  Eat: Chunk             |     3 |     8 |     8 |     4 ||    23
       Ration            |       |       |     1 |       ||     1
Armor: Ring mail         |    27 |     5 |       |       ||    32
       Plate armour      |       |    39 |   150 |    72 ||   261
Dodge: Dodged            |    58 |    55 |    71 |    68 ||   252
Block: Tower shield      |       |       |    74 |       ||    74
       Buckler           |       |       |    17 |    73 ||    90
